 Dungeon Crawl Stone Soup version 0.31-a0-879-g1609e0ac53 (webtiles) character file.

Game seed: 3049127241407010306

48 NinjaNoafa the Vexing (level 3, 0/17 HPs)
             Began as a Vine Stalker Hexslinger on Oct 15, 2023.
             Succumbed to a goblin's poison
             ... on level 2 of the Dungeon.
             The game lasted 00:03:11 (799 turns).

NinjaNoafa the Vexing (Vine Stalker Hexslinger)      Turns: 799, Time: 00:03:12

Health: 0/17       AC:  2    Str: 10    XL:     3   Next: 72%
Magic:  0/5        EV: 12    Int: 15    God:
Gold:   44         SH:  0    Dex: 16    Spells: 2/4 levels left

rFire   . . .        a - +1 sling
rCold   . . .        (no shield)
rNeg    . . .        c - +0 robe
rPois   .            (no helmet)
rElec   .            (no cloak)
rCorr   .            (no gloves)
SInv    .            (no boots)
Will    .....        (no amulet)
Stlth   ++           (no ring)
HPRegen 1.02/turn    (no ring)
MPRegen 0.09/turn

%: guardian spirit
@: lethally poisoned (0 -> -8), weak-willed, jinxed
A: fangs 2, regeneration 1, magic shield, antimagic bite, no potion heal 2
a: no special abilities


You were on level 2 of the Dungeon.
You visited 1 branch of the dungeon, and saw 2 of its levels.

You collected 44 gold pieces.

Inventory:

Hand Weapons
 a - a +1 sling (weapon)
 b - a +0 dagger
Armour
 c - a +0 robe (worn)
Scrolls
 d - 3 scrolls of identify {unknown}
 e - a scroll of revelation {unknown}
 g - a scroll of poison
 h - a scroll of amnesia {unknown}
Potions
 f - a potion of brilliance {unknown}
 i - a potion of lignification {unknown}
 j - a potion of degeneration {unknown}


   Skills:
 - Level 0.8 Fighting
 - Level 2.4 Ranged Weapons
 - Level 1.5 Dodging
 + Level 2.7 Stealth
 - Level 1.1 Spellcasting
 - Level 3.4 Hexes
 - Level 1.0 Fire Magic


You had 2 spell levels left.
You knew the following spells:

 Your Spells              Type           Power      Damage    Failure   Level
a - Jinxbite              Hex            22%        N/A       9%          2

Your spell library contained the following spells:

 Spells                   Type           Power      Damage    Failure   Level
 Sigil of Binding         Hex            11%        N/A       19%         3
 Inner Flame              Hex/Fire       7%         N/A       28%         3
 Cause Fear               Hex            5%         N/A       52%         4
 Dimensional Bullseye     Hex/Tloc       3%         N/A       75%         4


Dungeon Overview and Level Annotations

Branches:
Dungeon (2/15) Zot: 11174

Altars:


Innate Abilities, Weirdness & Mutations

You have extremely sharp teeth.
Your natural rate of healing is unusually fast.
When hurt, damage is shared between your health and your magic reserves.
Your bite disrupts and absorbs the magic of your enemies.
Potions cannot restore your health.


Message History

You shoot a sling bullet.
The sling bullet closely misses the goblin.
You shoot a sling bullet. The sling bullet hits the goblin.
The goblin hits you with a +2 dagger of venom.
You are poisoned.
A goblin is nearby!
You take 2 damage, and have 15/17 hp.
You now have 4/5 mp.
A goblin is nearby!
A goblin is nearby!
You shoot a sling bullet.
The sling bullet barely misses the goblin.
You feel sick.
The goblin hits you with a +2 dagger of venom. x2
You are more poisoned.
You take 3 damage, and have 12/17 hp.
You now have 3/5 mp.
You shoot a sling bullet.
The sling bullet completely misses the goblin.
* * * LOW HITPOINT WARNING * * *
You feel very sick.
The goblin hits you with a +2 dagger of venom.
* * * LOW HITPOINT WARNING * * *
You take 5 damage, and have 7/17 hp.
MASSIVE DAMAGE!!
You now have 2/5 mp.
Unknown command.
Casting: Jinxbite (safe; 9% risk of failure)
You beckon some vexing sprites to accompany your attacks.
You feel your willpower being sapped.
You feel very sick.
The goblin hits you with a +2 dagger of venom.
* * * LOW HITPOINT WARNING * * *
You are lethally poisoned!
You take 3 damage, and have 4/17 hp.
You now have 0/5 mp.
Unknown command.
Fire: a) +1 sling
Press: ? - help, Q - select action, (/) - cycle Shift-Dir - straight line, f/p - goblin
Aim: a goblin, wielding a +2 dagger of venom (severely wounded, chance to call a sprite on attack: 62%, 51% to hit)
You shoot a sling bullet.
The sling bullet closely misses the goblin.
A giggling sprite leaps out and bonks the goblin with its +2 dagger of venom.
You kill the goblin!
You die...

..#. .$. #
... ..# ..
.. ..# .##.#
#..# ....
...#
#..#...+
#####..)...#
.......@#
.....#.##
... #. . #.
#. ##


There were no monsters in sight!

Vanquished Creatures
  A dart slug (D:1)
  A bat (D:2)
  4 endoplasms (D:1)
  5 giant cockroaches (D:1)
  7 goblins
  8 hobgoblins (D:1)
  3 jackals (D:1)
  A kobold (D:1)
  3 quokkas (D:1)
  2 ball pythons (D:1)
  A rat (D:1)
36 creatures vanquished.

Notes
Turn   | Place    | Note
-------+----------+-------------------------------------------
     0 | D:1      | NinjaNoafa the Vine Stalker Hexslinger began the quest for
                  | the Orb.
     0 | D:1      | Reached XP level 1. HP: 9/9 MP: 3/3
    54 | D:1      | Reached skill level 1 in Stealth
    60 | D:1      | Reached XP level 2. HP: 14/14 MP: 4/4
    73 | D:1      | Learned a level 2 spell: Jinxbite
   276 | D:1      | Reached XP level 3. HP: 17/17 MP: 3/5
   799 | D:2      | Succumbed to a goblin's poison

Illustrated notes

Levels and vault maps discovered:
D:1:      spicycebolla_green_bress_n_ham, layout_loops_ring,
          kennysheep_nondescript, kennysheep_minor_cross, st_stairs_8
D:2:      layout_basic, uniq_jessica, uniq_natasha, uniq_terence

Skill      XL: |  1  2  3 |
---------------+----------+-----
Ranged Weapons | 2 |  2.4
Stealth        | 1 2 |  2.7
Fighting       | |  0.8
Dodging        | |  1.5
Spellcasting   | |  1.1
Hexes          | |  3.4
Fire Magic     | |  1.0

Action                     || total
---------------------------++-------
   Fire: Sling             ||    98
   Cast: Jinxbite          ||     3
 Armour: Robe              ||    25
  Dodge: Dodged            ||    17

Table legend: (Time is in decaauts)
 A = Elapsed time spent in this place.
 B = Non-inter-level travel time spent in this place.
 C = Inter-level travel time spent in this place.
 D = Time resting spent in this place.
 E = Time spent auto-exploring this place.
 F = Levels seen in this place.
 G = Mean time per level.
                   A        B        C        D        E       F      G
               +--------+--------+--------+--------+--------+-----+--------+
         Total |    825 |    780 |     45 |      0 |    570 |   2 |  412.5 |
       Dungeon |    825 |    780 |     45 |      0 |    570 |   2 |  412.5 |
               +--------+--------+--------+--------+--------+-----+--------+

Top non-repeatable levels by time:
     D:1: 817 daAuts
     D:2: 8 daAuts
